 Dungeon Crawl Stone Soup version 0.28-a0-1447-ga5a8893891 (webtiles) character file.

Game seed: 7782546555471721530

37 bande the Covered (level 3, -1/23 HPs)
             Began as a Gargoyle Fighter on Jan 11, 2022.
             Slain by Sigmund (11 damage)
             ... on level 2 of the Dungeon.
             The game lasted 00:02:08 (1616 turns).

bande the Covered (Gargoyle Fighter)                Turns: 1616, Time: 00:02:08

Health: -1/23      AC: 10    Str: 23    XL:     3   Next: 39%
Magic:  3/3        EV:  9    Int:  4    God:
Gold:   37         SH:  4    Dex: 11    Spells: 2/2 levels left

rFire   . . .      SeeInvis .   a - +0 war axe
rCold   . . .      Faith    .   c - +0 buckler
rNeg    + . .      Spirit   .   b - +0 scale mail
rPois   ∞          Reflect  .   (no helmet)
rElec   +          Harm     .   (no cloak)
rCorr   .          Rampage  .   (no gloves)
Will    +....                   (no boots)
Stlth   ..........              (no amulet)
HPRegen 0.07/turn               f - ring "Jiuqu" {rElec Will+ Str+4 Int-4}
MPRegen 0.08/turn               (no ring)

@: mighty
A: sickness immunity, AC +3, negative energy resistance 1, electricity
resistance, torment resistance 1, petrification resistance
a: no special abilities


You were on level 2 of the Dungeon.
You visited 1 branch of the dungeon, and saw 2 of its levels.

You collected 37 gold pieces.

Inventory:

Hand Weapons
 a - a +0 war axe (weapon)
Armour
 b - a +0 scale mail (worn)
 c - a +0 buckler (worn)
Jewellery
 f - the ring "Jiuqu" (left hand) {rElec Will+ Str+4 Int-4}
   (You found it on level 2 of the Dungeon)

   [ring of willpower]

   Str:       It affects your strength (+4).
   Int:       It affects your intelligence (-4).
   rElec:     It insulates you from electricity.
   Will:      It increases your willpower.
Potions
 e - 2 potions of heal wounds {unknown}


   Skills:
 + Level 3.5 Fighting
 + Level 2.5 Axes
 + Level 3.7 Armour
 + Level 3.6 Shields


You had 2 spell levels left.
You didn't know any spells.
Your spell library was empty.

Dungeon Overview and Level Annotations

Branches:
Dungeon (2/15)

Altars:

Annotations:
D:2 Sigmund


Innate Abilities, Weirdness & Mutations

You are immune to sickness and miasma.
Your stone body is resilient. (AC +3)
You are immune to poison.
You resist negative energy. (rN+)
You are resistant to electric shocks. (rElec)
You are resistant to unholy torment.
You are immune to petrification.


Message History

A giant cockroach comes into view.
You see here a +0 leather armour.
You hit the giant cockroach but do no damage.
The giant cockroach completely misses you.
The giant cockroach barely misses you.
You closely miss the giant cockroach.
The giant cockroach barely misses you. x2
You hit the giant cockroach.
You kill the giant cockroach!
No target in view!
No target in view!
An endoplasm comes into view.
Found a heavily runed iron ring.
The endoplasm quivers.
An endoplasm is nearby!
You slash the endoplasm!
You kill the endoplasm!
No target in view!
No target in view!
No target in view!
Found a stone staircase leading down.
f - the ring "Jiuqu" {rElec Will+ Str+4 Int-4} You feel stronger.
You feel stupid.
f - the ring "Jiuqu" (left hand) {rElec Will+ Str+4 Int-4} You see here 15 stones.
Sigmund the Dreaded comes into view.
He is wielding a +0 vorpal scythe.
Sigmund shouts!
Sigmund gestures at you while chanting.
The magic dart hits you but does no damage.
You feel very mighty all of a sudden.
Sigmund breathes a few words.
Sigmund's hands start flickering wildly.
Sigmund looks at you with fury.
Sigmund drinks a potion.
Sigmund seems to grow stronger.
Sigmund gestures wildly while chanting.
Sigmund flickers and vanishes!
Deactivating autopickup; reactivate with Ctrl-A.
You barely miss something. Something hits you!
You miss something. Something hits you!
You die...

....####..##.....#
......##..##.##.#.#
....#.##.....†..#.#
....#........####.##
.........##### #...
########## #..#
######### #..##
#.......# #{..#
#.......# ##@#.##.#
#.......# #.......#
#.......# #.#######
#.......# #.#
#.......# #.#
#.....>.# #.#
####.#### #.# #####
#.# #.# ....###.##
#.#


There were no monsters in sight!

Vanquished Creatures
  2 worms (D:2)
  3 endoplasms
  2 giant cockroaches
  3 hobgoblins (D:1)
  4 jackals (D:1)
  2 quokkas (D:1)
  3 ball pythons (D:1)
  4 bats (D:1)
  3 kobolds (D:1)
  3 rats (D:1)
29 creatures vanquished.

Notes
Turn   | Place    | Note
-------+----------+-------------------------------------------
     0 | D:1      | bande the Gargoyle Fighter began the quest for the Orb.
     0 | D:1      | Reached XP level 1. HP: 14/14 MP: 1/1
   161 | D:1      | Found a faded altar of an unknown god.
   483 | D:1      | Reached XP level 2. HP: 19/19 MP: 2/2
  1173 | D:1      | Reached XP level 3. HP: 18/23 MP: 3/3
  1584 | D:2      | Identified the ring "Jiuqu" {rElec Will+ Str+4 Int-4}
  1609 | D:2      | Noticed Sigmund
  1616 | D:2      | Slain by Sigmund

Illustrated notes

Levels and vault maps discovered:
D:1:      enne_arrival_octagon_isle, layout_basic,
          chequers_ecumenical_altar_island
D:2:      layout_loops_cross, basic_altar, uniq_natasha, uniq_sigmund

Skill      XL: |  1  2 |
---------------+-------+-----
Axes           | 2 |  2.5
Fighting       | |  3.5
Armour         | |  3.7
Shields        | |  3.6

Action                   || total
-------------------------++-------
Melee: War axe           ||    89
  Use: Scroll            ||     1
       Potion            ||     1
Armor: Scale mail        ||    50
Dodge: Dodged            ||    47
Block: Buckler           ||    16

Table legend: (Time is in decaauts)
 A = Elapsed time spent in this place.
 B = Non-inter-level travel time spent in this place.
 C = Inter-level travel time spent in this place.
 D = Time resting spent in this place.
 E = Time spent auto-exploring this place.
 F = Levels seen in this place.
 G = Mean time per level.
                   A        B        C        D        E       F      G
               +--------+--------+--------+--------+--------+-----+--------+
         Total |   1654 |   1617 |     37 |    246 |   1112 |   2 |  827.0 |
       Dungeon |   1654 |   1617 |     37 |    246 |   1112 |   2 |  827.0 |
               +--------+--------+--------+--------+--------+-----+--------+

Top non-repeatable levels by time:
     D:1: 1462 daAuts
     D:2: 192 daAuts
